TKirby, chaotic male elven Wizard -------- ---------- |......| |%[*/)!?*| |.......# |![..?!.(| |......|# |?!=(!!**| |......|# |?.[!*?([| -.------### |........| ## ----|----- # ### # # # ### # ### # # # ### # ###----|--------- ---- ---------|- # # #|............| |..............| ##########################|............| |........?.....| # + #........<....| |?..........:dd.##### |............| |..........$.@.| |............| ---------------- -------------- TKirby the Conjurer Experience level: 3 Strength: 8 Dexterity: 14 Constitution: 14 Intelligence: 18 Wisdom: 8 Charisma: 13 Health: 0(28) Energy: 26(26) Def: 1 Gold: 56 Moves: 607 Dungeon seed: YWKJe5Ldl7zEO3-j Game ID: TKirby_1507058095 Your Inventory: Coins $ - 56 gold pieces Weapons a - a blessed +1 quarterstaff (alternate weapon; not wielded) Armor e - an uncursed +0 cloak of magic resistance (being worn) Comestibles o - 2 uncursed strawberries r - an uncursed candy bar w - an uncursed tripe ration Scrolls i - 2 uncursed scrolls of teleportation j - an uncursed scroll of charging s - an uncursed scroll of destroy armor Spellbooks k - a blessed spellbook of force bolt l - an uncursed spellbook of clairvoyance u - an uncursed spellbook of blank paper Potions f - an uncursed potion of polymorph g - an uncursed potion of water h - an uncursed potion of sickness Rings c - an uncursed ring of invisibility d - an uncursed ring of protection from shape changers Wands b - a wand of magic missile (0:4) Tools m - a magic marker (0:33) n - an uncursed tooled horn v - a cursed magic lamp (weapon in hand) Spells and supernatural/magical abilities: Name Level Category Fail Memory a - force bolt 1 attack 0% 97% v - clairvoyance 3 divination 85% 97% W - pray for help -- divine ? -- Your skills at the end: Fighting Skills Weapon Skills quarterstaff [Basic] Spellcasting Skills attack spells [Basic] enchantment spells [Basic] Final Attributes: You were piously aligned. You were magic-protected. You had infravision. You are dead. Vanquished creatures: a small mimic a kitten 2 jackals 2 kobolds a bat 2 lichens a kobold zombie 3 newts 13 creatures vanquished. Voluntary challenges: You followed a strict vegan diet. You used a wielded weapon 18 times, starting on turn 6. You were illiterate. You never genocided any monsters. You never polymorphed an object. You never changed form. You used no wishes. You never split a pudding. You never wrote Elbereth's name. You never violated your personal moral code. Dungeon overview: The Dungeons of Doom: levels 1 to 2 Level 1 an altar to Anhur, a fountain a long staircase Level 2 <- You were here a general store History has recorded: On T:1 you entered the Dungeons of Doom to retrieve the Amulet of Yendor! On T:160 you advanced to experience level 2. On T:338 you reached level 2 of The Dungeons of Doom. On T:488 you advanced to experience level 3. Score breakdown: Gold: 56 ( 5972 points) Experience: 3 levels ( 7878 points) Exploration: 2 levels ( 4.35%) ( 4472 points) Discoveries: 3 items ( 1.08%) ( 3122 points) Valuables value: (no points given unless you survive) Artifact value: 0 ( 0 points) Variety of kills: 8 monsters ( 2.10%) ( 4347 points) Turncount: 607 turns ( 0 points) Survival: died (score multiplied by 80%) Total score: 20632 Latest messages: Wonotobo talks about the problem of shoplifters. (2x) The bat bites! (3x) The bat misses. The bat bites! (2x) You kill the bat! Nowhere else around here can be automatically explored. You stop exploring. The coyote bites! You miss the coyote. The coyote bites! (2x) You begin praying to Anhur. You are surrounded by a shimmering light. The coyote starts to attack you, but pulls back. (6x) The newt starts to attack you, but pulls back. You feel that Anhur is well-pleased. You miss the coyote. The coyote bites! (2x) You are empty handed. a - a blessed +1 quarterstaff (alternate weapon; not wielded). You are now wielding your magic lamp. You stop preparing to rub your lamp. The coyote bites! You die... Final status: Goodbye TKirby the Wizard, killed by a coyote... You died in The Dungeons of Doom on dungeon level 2 with 20632 points, and 56 pieces of gold, after 607 moves. You were level 3 with a maximum of 28 hit points when you died.